 Dungeon Crawl Stone Soup version 0.31-b1-22-gc680215f68 (webtiles) character file.

Game seed: 6693500722436799299

925 BigPumpCobain the Ruffian (level 7, 0/60 HPs)
             Began as a White Draconian Shapeshifter on Jan 19, 2024.
             Slain by an orc warrior
             ... wielding a +0 scimitar
              (11 damage)
             ... on level 6 of the Dungeon.
             The game lasted 00:03:41 (3360 turns).

BigPumpCobain the Ruffian (DrSh)                    Turns: 3360, Time: 00:03:42

Health: 0/60       AC:  6    Str: 18    XL:     7   Next: 84%
Magic:  7/7        EV: 12    Int: 11    God:
Gold:   133        SH:  0    Dex: 10    Spells: 6/6 levels left

rFire   . .          .
                       - Unarmed
rCold   + . .        (no shield)
rNeg    . . .        (body armour unavailable)
rPois   .            (helmet currently unavailable)
rElec   .            (cloak currently unavailable)
rCorr   .            (gloves currently unavailable)
SInv    .            (boots currently unavailable)
Will    .....        (no amulet)
Stlth   +            (no ring)
HPRegen 0.30/turn    (no ring)
MPRegen 0.10/turn

%: no passive effects
@: beast-form
A: beast (slay +2), breathe frost, AC +6, unfitting armour, cold resistance 1,
cold-blooded
a: Breathe Frost, Begin Untransformation


You were on level 6 of the Dungeon.
You were a hulking beast.
You visited 1 branch of the dungeon, and saw 4 of its levels.
You also visited: Sewer.

You collected 133 gold pieces.

Inventory:

Jewellery
 j - a ring of protection from fire
Talismans
 b - a beast talisman
 c - a flux talisman
Scrolls
 e - 2 scrolls of identify
 i - a scroll of immolation
 m - a scroll of poison {unknown}
 p - a scroll of fear {unknown}
Potions
 a - a potion of lignification
 d - a potion of resistance {unknown}
 f - 2 potions of curing {unknown}
 g - a potion of berserk rage {unknown}
 h - 3 potions of attraction {unknown}
 k - a potion of enlightenment {unknown}
 l - 3 potions of degeneration {unknown}
 n - 2 potions of invisibility {unknown}
 o - a potion of haste {unknown}
 q - a potion of magic {unknown}


   Skills:
 + Level 4.3 Fighting
 + Level 4.0 Dodging
 * Level 6.4 Unarmed Combat
 + Level 4.7 Shapeshifting


You had 6 spell levels left.
You didn't know any spells.
Your spell library contained the following spells:

 Spells                   Type           Power      Damage    Failure   Level
 Lesser Beckoning         Tloc           0%         N/A       47%         2
 Gell's Gravitas          Tloc           0%         N/A       71%         3
 Teleport Other           Tloc           0%         N/A       71%         3


Dungeon Overview and Level Annotations

Branches:
Dungeon (6/15)              Sewer (visited)
 Temple: D:4-7

Altars:
Uskayaw

Shops:
D:1 !

Annotations:
D:2 1 runed translucent door, Crazy Yiuf


Innate Abilities, Weirdness & Mutations

You are a hulking beast.
Your limbs bulge with bestial killing power. (Slay +2)
You can breathe waves of freezing cold which knock back foes.
Your icy white scales are hard. (AC +6)
You cannot fit into any form of body armour.
Your flesh is cold resistant. (rC+)
You are cold-blooded and may be slowed by cold attacks.


Message History

No target in view!
An orc warrior comes into view. It is wielding a +0 scimitar.
An orc warrior is nearby!
You see here a bombardier beetle corpse.
You hit the orc warrior but do no damage.
The orc warrior hits you with a +0 scimitar.
You hit the orc warrior but do no damage.
The orc warrior barely misses you.
You hit the orc warrior but do no damage.
You tail-slap the orc warrior, but do no damage.
Your punch misses the orc warrior.
The orc warrior hits you with a +0 scimitar!
You closely miss the orc warrior. You tail-slap the orc warrior.
You punch the orc warrior.
The orc warrior is moderately wounded.
The orc warrior hits you with a +0 scimitar!
You are too injured to fight recklessly!
You are too injured to fight recklessly!
You are too injured to fight recklessly!
You are too injured to fight recklessly!
You are too injured to fight recklessly!
You are too injured to fight recklessly!
The orc warrior closely misses you.
You closely miss the orc warrior.
You punch the orc warrior, but do no damage.
The orc warrior is moderately wounded.
The orc warrior hits you with a +0 scimitar!
You barely miss the orc warrior. You tail-slap the orc warrior.
The orc warrior is moderately wounded.
You hit the orc warrior. You tail-slap the orc warrior.
The orc warrior is severely wounded.
The orc warrior barely misses you.
You barely miss the orc warrior.
Your tail-slap misses the orc warrior.
The orc warrior is severely wounded.
The orc warrior hits you with a +0 scimitar!
* * * LOW HITPOINT WARNING * * *
You closely miss the orc warrior. You tail-slap the orc warrior.
The orc warrior is almost dead.
The orc warrior hits you with a +0 scimitar!
You die...

#.#.##.# #.#. #.#.##.#
##.#. #...##.# ..?...
#.####.# #..... #.####.#
#.##.# #......# #.##)#
#.###### #...)# #..##
#.##†##
#...#########.#.ho##.#)
......)..............'..
#...#########(.......#..
#....# #.##.##### ####.#
#...### #.# #...# #.#
#...# #.# ##.## #.# #.#


You could see an orc warrior.

Vanquished Creatures
  Grinder (D:3)
  3 kobold brigands (Sewer)
  3 wights (D:6)
  A bombardier beetle (D:6)
  An orc priest (D:6)
  A jelly (D:6)
  2 orc wizards
  Terence (D:3)
  5 gnolls
  6 river rats
  4 adders
  6 orcs
  3 bats
  7 endoplasms
  A giant cockroach (D:2)
  9 goblins
  3 hobgoblins
  2 jackals (D:1)
  4 quokkas
  10 ball pythons
  4 frilled lizards
  6 kobolds
  7 rats
90 creatures vanquished.

Notes
Turn   | Place    | Note
-------+----------+-------------------------------------------
     0 | D:1      | BigPumpCobain the Draconian Shapeshifter began the quest
                  | for the Orb.
     0 | D:1      | Reached XP level 1. HP: 16/16 MP: 1/1
    37 | D:1      | Found Kapliz's Distillery.
    82 | D:1      | Reached XP level 2. HP: 4/23 MP: 2/2
   393 | D:1      | Reached XP level 3. HP: 29/29 MP: 3/3
   577 | D:2      | Found a runed translucent door.
   578 | D:2      | Noticed Crazy Yiuf
   738 | D:2      | Found a hide-covered altar of Uskayaw.
  1155 | D:2      | Found a faded altar of an unknown god.
  1427 | D:3      | Reached XP level 4. HP: 34/36 MP: 4/4
  1431 | D:3      | Reached skill level 4 in Unarmed Combat
  1577 | D:3      | Noticed Grinder
  1828 | D:3      | Killed Grinder
  1829 | D:3      | Reached XP level 5. HP: 20/45 MP: 5/5
  1829 | D:3      | Reached XP level 6. HP: 23/51 MP: 6/6
  1939 | D:3      | Noticed Terence
  1951 | D:3      | Killed Terence
  1952 | D:3      | Reached skill level 5 in Unarmed Combat
  2152 | D:3      | You fall into a shaft and drop 3 floors!
  2491 | D:6      | Your scales start taking on an icy white colour.
  2491 | D:6      | Reached XP level 7. HP: 15/54 MP: 7/7
  2491 | D:6      | Gained mutation: Your flesh is cold resistant. (rC+) [White
                  | Draconian growth]
  2764 | D:6      | Found a glowing drain.
  2772 | Sewer    | Entered a sewer
  3028 | Sewer    | Reached skill level 6 in Unarmed Combat
  3360 | D:6      | Slain by an orc warrior

Illustrated notes

Levels and vault maps discovered:
D:1:      minmay_arrival_three_doors, layout_rooms, serial_shops, shop,
          nicolae_grassy_gnolls
D:2:      layout_basic, basic_altar, shapermc_ecumenical_altar_mp_highgroup,
          uniq_crazy_yiuf_cottage
D:3:      layout_rooms, uniq_terence, uniq_grinder
D:6:      layout_loops_corners, portal_sewer_entry_e

Skill      XL: |  1  2  3  4  5  6  7 |
---------------+----------------------+-----
Dodging        | 2 3 4 |  4.0
Fighting       | 2 3 4 |  4.3
Unarmed Combat | 4 5 6 |  6.4
Shapeshifting  | 4 |  4.7

Action                     |  1- 3 |  4- 6 |  7- 9 || total
---------------------------+-------+-------+-------++-------
  Melee: Unarmed           |    98 |   107 |    98 ||   303
         Tailslap          |    10 |    20 |    19 ||    49
         Punch             |     1 |     1 |     3 ||     5
Ability: Breathe Frost     |       |       |     3 ||     3
    Use: Scroll            |       |     1 |       ||     1
 Armour: Skin              |    45 |    58 |    55 ||   158
  Dodge: Dodged            |    48 |    88 |    60 ||   196
